 Dungeon Crawl Stone Soup version 0.25.1-11-g244df3a29b (webtiles) character file.

Game seed: 9169456973637224948

289 DeepDeath the Cudgeler (level 6, -11/37 HPs)
             Began as a Gargoyle Abyssal Knight on Jan 17, 2024.
             Was a Believer of Lugonu.
             Blown up by Ijyb (30 damage)
             ... with a disintegration bolt
             ... on level 3 of the Dungeon.
             The game lasted 00:06:52 (2402 turns).

DeepDeath the Cudgeler (Gargoyle Abyssal Knight)    Turns: 2402, Time: 00:06:52

Health: -11/37     AC: 13    Str: 18    XL:     6   Next: 31%
Magic:  7/7        EV: 10    Int: 12    God:    Lugonu [**....]
Gold:   126        SH:  0    Dex:  9    Spells: 5/5 levels left

rFire    . . .     SeeInvis .   w - +1 whip (elec)
rCold    . . .     Gourm    .   (no shield)
rNeg     + . .     Faith    .   x - +0 ring mail
rPois    ∞         Spirit   .   (no helmet)
rElec    +         Reflect  .   k - +1 cloak
rCorr    .         Harm     .   (no gloves)
MR       .....                  r - +0 pair of boots
Stlth    ..........             (no amulet)
HPRegen  0.12/turn              (no ring)
MPRegen  0.10/turn              (no ring)

@: no status effects
A: negative energy resistance 1, electricity resistance, unbreathing,
petrification resistance, rot immunity, AC +4
a: Depart the Abyss, Bend Space, Renounce Religion


You were on level 3 of the Dungeon.
You worshipped Lugonu.
Lugonu was pleased with you.
You were not hungry.

You visited 1 branch of the dungeon, and saw 4 of its levels.
You visited the Abyss 1 time.

You collected 126 gold pieces.

Inventory:

Hand Weapons
 a - a +1 mace
 w - a +1 whip of electrocution (weapon)
Missiles
 g - 43 arrows
 h - 31 bolts
 i - 41 stones
 l - 74 sling bullets
 m - 6 poisoned darts (quivered)
 t - 4 boomerangs
Armour
 f - a +0 buckler
 k - a +1 cloak (worn)
 r - a +0 pair of boots (worn)
 x - a +0 ring mail (worn)
Scrolls
 d - a scroll of remove curse
 e - a scroll of identify
Potions
 j - 3 potions of curing
 n - a potion of resistance
 q - a potion of might
 s - a potion of flight
Comestibles
 c - 12 rations


   Skills:
 - Level 3.2 Fighting
 * Level 6.5 Maces & Flails
 + Level 0.0 Throwing
 - Level 2.1 Armour
 + Level 0.7 Dodging
 + Level 0.0 Shields
 - Level 2.0 Invocations


You had 5 spell levels left.
You didn't know any spells.
Your spell library was empty.

Dungeon Overview and Level Annotations

Branches:
Dungeon (4/15)
 Temple: D:4-7

Altars:
Dithmenos

Annotations:
D:3 Ijyb
D:4 Blork the orc, Dowan, Duvessa


Innate Abilities, Weirdness & Mutations

You are resistant to torment.
Your stone body is resilient. (AC +4)
You are immune to poison.
You resist negative energy. (rN+)
You are resistant to electric shocks. (rElec)
You can survive without breathing.
You are immune to petrification.
You are immune to rotting.


Message History

Ijyb screams, "I no like you!" Ijyb hits you but does no damage.
There is a stone staircase leading up here.
Ijyb zaps a wand.
You barely resist.
You climb upwards.
There is a stone staircase leading down here.
Unknown command.
You hit Ijyb.
Ijyb is lightly wounded.
Ijyb closely misses you.
You closely miss Ijyb.
Ijyb is lightly wounded.
You hit Ijyb.
Ijyb is lightly wounded.
Ijyb zaps a wand.
You are blasted!
You closely miss Ijyb.
Ijyb is lightly wounded.
Ijyb zaps a wand.
You are blasted!
Ouch! That really hurt!
You die...

#...[.......#
#÷#
##########..#
#.# #..#####.#
##..#....#
#..#.####
##.#.###
#########.....#
#..........##.#
#.........@+..#
#.........g####
#..........#
#..........#
#..........#
#..........#
############


You could see Ijyb (resistant).

Vanquished Creatures
  A howler monkey (D:2)
  An orc priest (D:3)
  4 adders
  8 gnolls
  2 oozes (D:3)
  2 worms
  3 dart slugs
  5 leopard geckos
  7 orcs (D:3)
  5 bats
  7 giant cockroaches
  9 goblins
  5 hobgoblins
  3 jackals (D:1)
  4 kobolds
  A quokka (D:3)
  4 frilled lizards
  A leopard gecko skeleton (D:4)
  9 rats
81 creatures vanquished.

Notes
Turn   | Place    | Note
-------+----------+-------------------------------------------
     0 | Abyss:1  | DeepDeath the Gargoyle Abyssal Knight began the quest for
                  | the Orb.
     0 | Abyss:1  | Reached XP level 1. HP: 14/14 MP: 2/2
    76 | Abyss:1  | Noticed a neqoxec
    81 | D:1      | Escaped the Abyss
   187 | D:1      | Reached XP level 2. HP: 15/19 MP: 3/3
   195 | D:1      | Reached * piety under Lugonu
   195 | D:1      | Reached skill level 3 in Maces & Flails
   387 | D:1      | Reached XP level 3. HP: 22/23 MP: 4/4
   811 | D:2      | Reached skill level 4 in Maces & Flails
   865 | D:2      | Reached XP level 4. HP: 15/28 MP: 5/5
  1411 | D:3      | Reached skill level 5 in Maces & Flails
  1458 | D:3      | Reached XP level 5. HP: 29/32 MP: 6/6
  1516 | D:3      | Reached ** piety under Lugonu
  1972 | D:3      | Reached skill level 6 in Maces & Flails
  1992 | D:3      | Reached XP level 6. HP: 37/37 MP: 7/7
  2274 | D:3      | Found a shadowy altar of Dithmenos.
  2334 | D:4      | Noticed Blork the orc
  2334 | D:4      | Noticed Dowan
  2335 | D:4      | Noticed Duvessa
  2385 | D:4      | Noticed Ijyb
  2402 | D:3      | Blown up by Ijyb

Illustrated notes

Levels and vault maps discovered:
D:1:      nicolae_arrival_memento_mori, layout_basic, lemuel_old_faithful
D:2:      layout_loops_ring, first_ration
D:3:      layout_basic, nicolae_dithmenos_through_a_glass_darkly,
          grunt_ministairs_14
D:4:      layout_rooms, fedhas_altar_2, lemuel_doored_altar, serial_shops,
          nicolae_shop_window_shopping, nicolae_shop_behind_doors,
          makhleb_altar_promises_db, uniq_blork_the_orc, uniq_menkaure,
          uniq_ijyb, uniq_duvessa, uniq_pikel

Skill      XL: |  1  2  3  4  5 |
---------------+----------------+-----
Maces & Flails | 3 4 5 6 |  6.5
Fighting       | |  3.2
Armour         | |  2.1
Dodging        | |  0.7
Invocations    | |  2.0

Action                   |  1- 3 |  4- 6 || total
-------------------------+-------+-------++-------
Melee: Mace              |   103 |   154 ||   257
       Whip              |       |     5 ||     5
Throw: Dart              |     7 |     7 ||    14
Invok: Depart the Abyss  |     1 |       ||     1
  Use: Scroll            |     3 |     9 ||    12
       Potion            |       |     1 ||     1
  Eat: Chunk             |       |     5 ||     5
Armor: Leather armour    |    46 |    60 ||   106
       Ring mail         |       |     2 ||     2
Dodge: Dodged            |    58 |    87 ||   145
